TOP OF THE 1ST |
Texarkana Bears batting - Pitching for Spokane Trappers : LHP Martin Lowry
|
Pitching: LHP Martin Lowry
|
|
Batting: LHB Guy Moss
|
0-0: Ball 1-0: Ball 2-0: Fly out, F8 (Flyball, 89D)
|
Batting: RHB Steve Garneys
|
0-0: Fly out, F9 (Flyball, 9LMF)
|
Batting: RHB Billy Campbell
|
0-0: DOUBLE (Flyball, 89D)
|
Batting: RHB Michael Barraclough
|
0-0: DOUBLE (Flyball, 7LD) Billy Campbell scores
|
Batting: LHB Sam Barnes
|
0-0: Ball 1-0: Ball 2-0: Ground out 1-3 (Groundball, P)
|
Top of the 1st over - 1 run(s), 2 hit(s), 0 error(s), 1 left on base; Texarkana 1 - Spokane 0 |
BOTTOM OF THE 1ST |
Spokane Trappers batting - Pitching for Texarkana Bears : RHP Jim Durham
|
Pitching: RHP Jim Durham
|
|
Batting: RHB Octávio Zúńiga
|
0-0: Called Strike 0-1: Called Strike 0-2: Strikes out swinging
|
Batting: LHB Rusty Herbert
|
0-0: Foul Ball, location: 2F 0-1: Ball 1-1: Called Strike 1-2: Ground out 4-3 (Groundball, 4M)
|
Batting: RHB Ramiro Ross
|
0-0: Ball 1-0: Called Strike 1-1: Ball 2-1: DOUBLE (Flyball, 78D)
|
Batting: LHB Will Hill
|
0-0: Ball 1-0: Called Strike 1-1: Foul Ball, location: 2F 1-2: Ground out 6-3 (Groundball, 56)
|
Bottom of the 1st over - 0 run(s), 1 hit(s), 0 error(s), 1 left on base; Texarkana 1 - Spokane 0 |
TOP OF THE 2ND |
Texarkana Bears batting - Pitching for Spokane Trappers : LHP Martin Lowry
|
Batting: LHB Tom Mullins
|
0-0: Ball 1-0: Foul Ball, location: 2F 1-1: Foul Ball, location: 2F 1-2: Ball 2-2: Foul Ball, location: 2F 2-2: Ball 3-2: Foul Ball, location: 2F 3-2: Strikes out swinging
|
Batting: RHB Arturo Rodríguez
|
0-0: Foul Ball, location: 2F 0-1: Called Strike 0-2: SINGLE (Groundball, 56D)
|
Batting: LHB Alberto Medine
|
0-0: Called Strike 0-1: Called Strike 0-2: Strikes out swinging
|
Batting: RHB Kun Liu
|
0-0: Ball 1-0: Ball 2-0: Ball 3-0: Base on Balls Arturo Rodríguez to second
|
Batting: LHB Guy Moss
|
0-0: Ball 1-0: Called Strike 1-1: Ground out 4-3 (Groundball, 34)
|
Top of the 2nd over - 0 run(s), 1 hit(s), 0 error(s), 2 left on base; Texarkana 1 - Spokane 0 |
BOTTOM OF THE 2ND |
Spokane Trappers batting - Pitching for Texarkana Bears : RHP Jim Durham
|
Batting: RHB Enrico Rodríguez
|
0-0: Ball 1-0: Ball 2-0: Called Strike 2-1: Ball 3-1: Called Strike 3-2: Strikes out swinging
|
Batting: RHB Trent Rasmussen
|
0-0: Ball 1-0: Ball 2-0: Foul Ball, location: 2F 2-1: Swinging Strike 2-2: Strikes out swinging
|
Batting: RHB Enrique Mendoza
|
0-0: Ball 1-0: Called Strike 1-1: Ball 2-1: Called Strike 2-2: Foul Ball, location: 2F 2-2: Ball 3-2: Ground out 6-3 (Groundball, 6)
|
Bottom of the 2nd over - 0 run(s), 0 hit(s), 0 error(s), 0 left on base; Texarkana 1 - Spokane 0 |
TOP OF THE 3RD |
Texarkana Bears batting - Pitching for Spokane Trappers : LHP Martin Lowry
|
Batting: RHB Steve Garneys
|
0-0: Ball 1-0: SINGLE (Groundball, 6D)
|
Batting: RHB Billy Campbell
|
0-0: Ball Wild Pitch! Steve Garneys to second Balk! Steve Garneys to third 1-0: Ball 2-0: Called Strike 2-1: Ball 3-1: Base on Balls
|
Batting: RHB Michael Barraclough
|
0-0: Called Strike 0-1: Foul Ball, location: 2F 0-2: Ball 1-2: Foul Ball, location: 2F 1-2: Foul Ball, location: 2F 1-2: Foul Ball, location: 2F 1-2: Ball 2-2: Foul Ball, location: 2F 2-2: Ball 3-2: Foul Ball, location: 2F 3-2: Foul Ball, location: 2F 3-2: DOUBLE (Line Drive, 89D) Steve Garneys scores Billy Campbell to third
|
Batting: LHB Sam Barnes
|
0-0: Ball 1-0: Ball 2-0: Fly out, F7 (Flyball, 7S)
|
Batting: LHB Tom Mullins
|
0-0: Called Strike 0-1: Called Strike 0-2: Ball 1-2: Strikes out swinging
|
Batting: RHB Arturo Rodríguez
|
0-0: Foul Ball, location: 2F 0-1: Swinging Strike 0-2: Strikes out swinging
|
Top of the 3rd over - 1 run(s), 2 hit(s), 0 error(s), 2 left on base; Texarkana 2 - Spokane 0 |
BOTTOM OF THE 3RD |
Spokane Trappers batting - Pitching for Texarkana Bears : RHP Jim Durham
|
Batting: RHB Tony Hernández
|
0-0: Ball 1-0: SINGLE (Groundball, 56D)
|
Batting: LHB Cisco Villanueva
|
0-0: Ball 1-0: Swinging Strike 1-1: Called Strike 1-2: Foul Ball, location: 2F 1-2: Ball 2-2: Strikes out swinging
|
Batting: RHB Octávio Zúńiga
|
0-0: Ball 1-0: Called Strike 1-1: Ball 2-1: Ball 3-1: Foul Ball, location: 2F 3-2: Foul Ball, location: 2F 3-2: SINGLE (Flyball, 9S) Tony Hernández to second Tony Hernández to third
|
Batting: LHB Rusty Herbert
|
0-0: Called Strike 0-1: Ball 1-1: Foul Ball, location: 2F 1-2: Ball Octávio Zúńiga steals 2nd base 2-2: Ground out 4-3 (Groundball, 4) Tony Hernández scores Octávio Zúńiga to third
|
Batting: RHB Ramiro Ross
|
0-0: Swinging Strike 0-1: Ball 1-1: Ball 2-1: Fly out, F9 (Flyball, 89M)
|
Bottom of the 3rd over - 1 run(s), 2 hit(s), 0 error(s), 1 left on base; Texarkana 2 - Spokane 1 |
TOP OF THE 4TH |
Texarkana Bears batting - Pitching for Spokane Trappers : LHP Martin Lowry
|
Batting: LHB Alberto Medine
|
0-0: Ball 1-0: Ball 2-0: Swinging Strike 2-1: Ball 3-1: Ground out 4-3 (Groundball, 4)
|
Batting: RHB Kun Liu
|
0-0: DOUBLE (Line Drive, 9)
|
Batting: LHB Guy Moss
|
0-0: Called Strike 0-1: Ball 1-1: Ball 2-1: Foul Ball, location: 2F 2-2: Foul Ball, location: 2F 2-2: Ball 3-2: Foul Ball, location: 2F 3-2: Foul Ball, location: 2F 3-2: Ground out 4-3 (Groundball, 4) Kun Liu to third
|
Batting: RHB Steve Garneys
|
0-0: Ball 1-0: Ball 2-0: Swinging Strike 2-1: Ball 3-1: Swinging Strike 3-2: Foul Ball, location: 2F 3-2: Strikes out swinging
|
Top of the 4th over - 0 run(s), 1 hit(s), 0 error(s), 1 left on base; Texarkana 2 - Spokane 1 |
BOTTOM OF THE 4TH |
Spokane Trappers batting - Pitching for Texarkana Bears : RHP Jim Durham
|
Batting: LHB Will Hill
|
0-0: Foul Ball, location: 2F 0-1: SOLO HOME RUN (Flyball, 78XD), Distance : 393 ft
|
Batting: RHB Enrico Rodríguez
|
0-0: Swinging Strike 0-1: Swinging Strike 0-2: Strikes out looking
|
Batting: RHB Trent Rasmussen
|
0-0: Foul Ball, location: 2F 0-1: Ball 1-1: Ball 2-1: SINGLE (Groundball, 4MD)
|
Batting: RHB Enrique Mendoza
|
0-0: Ball 1-0: Fly out, F6 (Line Drive, 6)
|
Batting: RHB Tony Hernández
|
0-0: Called Strike 0-1: Swinging Strike 0-2: Ball 1-2: Foul Ball, location: 2F 1-2: Ball 2-2: Foul Ball, location: 2F 2-2: SINGLE (Flyball, 8LS) Trent Rasmussen to second Runner from 2nd tries for 3rd, OUT!
|
Bottom of the 4th over - 1 run(s), 3 hit(s), 0 error(s), 1 left on base; Texarkana 2 - Spokane 2 |
TOP OF THE 5TH |
Texarkana Bears batting - Pitching for Spokane Trappers : LHP Martin Lowry
|
Batting: RHB Billy Campbell
|
0-0: Ball 1-0: Called Strike 1-1: Swinging Strike 1-2: Ground out 6-3 (Groundball, 6)
|
Batting: RHB Michael Barraclough
|
0-0: SINGLE (Flyball, 9S)
|
Batting: LHB Sam Barnes
|
0-0: Ball Michael Barraclough steals 2nd base 1-0: Foul Ball, location: 2F 1-1: Foul Ball, location: 2F 1-2: Fly out, F9 (Line Drive, 9D) Runner from 2nd tags up, SAFE at 3rd, no throw
|
Batting: LHB Tom Mullins
|
0-0: Foul Ball, location: 2F 0-1: Foul Ball, location: 2F 0-2: Ball 1-2: Strikes out swinging
|
Top of the 5th over - 0 run(s), 1 hit(s), 0 error(s), 1 left on base; Texarkana 2 - Spokane 2 |
BOTTOM OF THE 5TH |
Spokane Trappers batting - Pitching for Texarkana Bears : RHP Jim Durham
|
Batting: LHB Cisco Villanueva
|
0-0: Called Strike 0-1: Ball 1-1: Ball 2-1: Foul Ball, location: 2F 2-2: Foul Ball, location: 2F 2-2: Ball 3-2: Strikes out swinging
|
Batting: RHB Octávio Zúńiga
|
0-0: Foul Ball, location: 2F 0-1: Ball 1-1: Swinging Strike 1-2: SINGLE (Line Drive, 56D)
|
Pitching: RHP Ángelo Gusmán
|
|
Batting: LHB Rusty Herbert
|
0-0: Ball Octávio Zúńiga is caught stealing 2nd base 1-0: Ball 2-0: Called Strike 2-1: Swinging Strike 2-2: Strikes out swinging
|
Bottom of the 5th over - 0 run(s), 1 hit(s), 0 error(s), 0 left on base; Texarkana 2 - Spokane 2 |
TOP OF THE 6TH |
Texarkana Bears batting - Pitching for Spokane Trappers : LHP Martin Lowry
|
Pitching: RHP Marcos Rivera
|
|
Batting: RHB Arturo Rodríguez
|
0-0: Called Strike 0-1: Ball 1-1: SINGLE (Line Drive, 78S)
|
Batting: LHB Alberto Medine
|
0-0: Ball 1-0: Ball 2-0: Called Strike 2-1: Called Strike 2-2: Ball 3-2: Base on Balls Arturo Rodríguez to second
|
Batting: RHB Kun Liu
|
0-0: Swinging Strike 0-1: Called Strike 0-2: Ball 1-2: Foul Ball, location: 2F 1-2: Grounds into double play, 4-6-3 (Groundball, 4) Arturo Rodríguez to third
|
Batting: LHB Guy Moss
|
0-0: Ball Wild Pitch! Arturo Rodríguez scores 1-0: Ground out 5-3 (Groundball, 56)
|
Top of the 6th over - 1 run(s), 1 hit(s), 0 error(s), 0 left on base; Texarkana 3 - Spokane 2 |
BOTTOM OF THE 6TH |
Spokane Trappers batting - Pitching for Texarkana Bears : RHP Ángelo Gusmán
|
Batting: RHB Ramiro Ross
|
0-0: Ball 1-0: Fly out, F8 (Line Drive, 8LM)
|
Batting: LHB Will Hill
|
0-0: Ball 1-0: Called Strike 1-1: Ball 2-1: Ball 3-1: Base on Balls
|
Batting: RHB Enrico Rodríguez
|
0-0: Ball 1-0: Foul Ball, location: 2F 1-1: Ball 2-1: Foul Ball, location: 2F 2-2: SINGLE (Groundball, 6MD) Will Hill to second
|
Batting: RHB Trent Rasmussen
|
0-0: Called Strike 0-1: Foul Ball, location: 2F 0-2: DOUBLE (Line Drive, 7LD) Will Hill scores Enrico Rodríguez to third Runner from 3rd tries for Home, throw and OUT!
|
Batting: RHB Enrique Mendoza
|
0-0: Ball 1-0: Foul Ball, location: 2F 1-1: Swinging Strike 1-2: Ball 2-2: Ball 3-2: Strikes out swinging
|
Bottom of the 6th over - 1 run(s), 2 hit(s), 0 error(s), 1 left on base; Texarkana 3 - Spokane 3 |
TOP OF THE 7TH |
Texarkana Bears batting - Pitching for Spokane Trappers : RHP Marcos Rivera
|
Pinch Hitting: RHB Lu-fang Huie
|
0-0: Ball 1-0: Ball 2-0: Called Strike 2-1: Ground out 5-3 (Groundball, 5S)
|
Batting: RHB Billy Campbell
|
0-0: Ball 1-0: Foul Ball, location: 2F 1-1: Ball 2-1: Ball 3-1: Foul Ball, location: 2F 3-2: Base on Balls
|
Batting: RHB Michael Barraclough
|
0-0: Called Strike 0-1: Ball 1-1: Called Strike 1-2: Ball 2-2: Foul Ball, location: 2F 2-2: Strikes out swinging
|
Pitching: LHP Júlio Hernández
|
|
Pinch Hitting: RHB Keith Ford
|
0-0: Ball 1-0: Called Strike 1-1: Foul Ball, location: 2F 1-2: Strikes out swinging
|
Top of the 7th over - 0 run(s), 0 hit(s), 0 error(s), 1 left on base; Texarkana 3 - Spokane 3 |
BOTTOM OF THE 7TH |
Spokane Trappers batting - Pitching for Texarkana Bears : RHP Ángelo Gusmán
|
Now at SS: Franklin Lawrence
|
|
Now in LF: Lu-fang Huie
|
|
Pinch Hitting: LHB Alan Moore
|
0-0: Ball 1-0: Swinging Strike 1-1: Swinging Strike 1-2: Strikes out swinging
|
Batting: LHB Cisco Villanueva
|
0-0: Ball 1-0: Ball 2-0: Ball 3-0: Base on Balls
|
Batting: RHB Octávio Zúńiga
|
0-0: Called Strike 0-1: Called Strike 0-2: Ball 1-2: Ball 2-2: Ball 3-2: Grounds into double play, 4-6-3 (Groundball, 4)
|
Bottom of the 7th over - 0 run(s), 0 hit(s), 0 error(s), 0 left on base; Texarkana 3 - Spokane 3 |
TOP OF THE 8TH |
Texarkana Bears batting - Pitching for Spokane Trappers : LHP Júlio Hernández
|
Pitching: RHP Ching-wei Zi
|
|
Now at SS: Jaime Padilla
|
|
Batting: LHB Tom Mullins
|
0-0: SINGLE (Flyball, 7S)
|
Batting: RHB Arturo Rodríguez
|
0-0: Sac Bunt - play at first, batter OUT! 1-4 Tom Mullins to second
|
Batting: LHB Alberto Medine
|
0-0: Intentional Walk
|
Pinch Hitting: LHB Mark Thomas
|
0-0: Foul Ball, location: 2F 0-1: Ball 1-1: Fly out, F6 (Line Drive, 6)
|
Batting: LHB Guy Moss
|
0-0: Swinging Strike 0-1: Called Strike 0-2: Strikes out swinging
|
Top of the 8th over - 0 run(s), 1 hit(s), 0 error(s), 2 left on base; Texarkana 3 - Spokane 3 |
BOTTOM OF THE 8TH |
Spokane Trappers batting - Pitching for Texarkana Bears : RHP Ángelo Gusmán
|
Now at 2B: Cam Flowers
|
|
Batting: LHB Rusty Herbert
|
0-0: Ball 1-0: Ball 2-0: Ball 3-0: Base on Balls
|
Batting: RHB Ramiro Ross
|
0-0: Called Strike 0-1: Swinging Strike 0-2: Ball 1-2: Fly out, F6 (Popup, 6D)
|
Batting: LHB Will Hill
|
0-0: Called Strike Rusty Herbert is caught stealing 2nd base 0-1: Ball 1-1: Foul Ball, location: 2F 1-2: Ball 2-2: Foul Ball, location: 2F 2-2: Strikes out swinging
|
Bottom of the 8th over - 0 run(s), 0 hit(s), 0 error(s), 0 left on base; Texarkana 3 - Spokane 3 |
TOP OF THE 9TH |
Texarkana Bears batting - Pitching for Spokane Trappers : RHP Ching-wei Zi
|
Pitching: LHP Steve Paredes
|
|
Batting: RHB Lu-fang Huie
|
0-0: Ball 1-0: Ball 2-0: Called Strike 2-1: Fly out, F6 (Popup, 6D)
|
Batting: RHB Billy Campbell
|
0-0: Foul Ball, location: 2F 0-1: Foul Ball, location: 2F 0-2: Ground out 6-3 (Groundball, 6)
|
Batting: RHB Michael Barraclough
|
0-0: Ground out U3 (Groundball, 34)
|
Top of the 9th over - 0 run(s), 0 hit(s), 0 error(s), 0 left on base; Texarkana 3 - Spokane 3 |
BOTTOM OF THE 9TH |
Spokane Trappers batting - Pitching for Texarkana Bears : RHP Ángelo Gusmán
|
Pitching: RHP Asher Zasko
|
|
Batting: RHB Enrico Rodríguez
|
0-0: Ball 1-0: Called Strike 1-1: DOUBLE (Line Drive, 7LM)
|
Batting: RHB Trent Rasmussen
|
0-0: Fly out, F2 (Popup, 13S)
|
Batting: RHB Enrique Mendoza
|
0-0: Intentional Walk
|
Pinch Hitting: RHB Toru Nakanishi
|
0-0: Ball 1-0: Foul Ball, location: 2F 1-1: Foul Ball, location: 2F 1-2: 3-RUN HOME RUN (Flyball, 89XD), Distance : 402 ft
|
Tuesday, August 8th, 2017 - OOTP Baseball 17.12 Build 75
|
|